 Dungeon Crawl Stone Soup version 0.22.0-13-g43fe8f2 (webtiles) character file.

396 Lavandula the Chopper (level 6, -1/69 HPs)
             Began as a Centaur Berserker on Aug 16, 2018.
             Was a Believer of Trog.
             Slain by a phantom (4 damage)
             ... on level 4 of the Dungeon.
             The game lasted 00:04:26 (635 turns).

Lavandula the Chopper (Centaur Berserker)            Turns: 635, Time: 00:04:27

Health: -1/69      AC:  5    Str: 25    XL:     6   Next: 52%
Magic:  6/6        EV:  9    Int:  4    God:    Trog [**....]
Gold:   93         SH:  0    Dex:  8    Spells: 5/5 levels left

rFire    . . .     SeeInvis .   a - +0 hand axe
rCold    . . .     Gourm    .   (no shield)
rNeg     . . .     Faith    .   f - +0 ring mail
rPois    .         Spirit   .   (no helmet)
rElec    .         Reflect  .   (no cloak)
rCorr    .         Harm     .   (no gloves)
MR       .....                  (no barding)
Stlth    ..........             (no amulet)
HPRegen  0.21/turn              (no ring)
MPRegen  0.10/turn              (no ring)

@: berserking, very quick
A: large, hooves 3, deformed body, dopey 1, speed 2, frail 1, tough skin 3, weak
1, wild magic 1
a: Berserk, Trog's Hand, Renounce Religion


You were on level 4 of the Dungeon.
You worshipped Trog.
Trog was pleased with you.
You were hungry.

You visited 1 branch of the dungeon, and saw 4 of its levels.

You collected 93 gold pieces.

Inventory:

Hand Weapons
 a - a +0 hand axe (weapon)
Missiles
 k - 4 javelins (quivered)
Armour
 b - a +0 animal skin
 f - a +0 ring mail (worn)
Jewellery
 n - an uncursed ring of wizardry {unknown}
Scrolls
 d - a scroll of blinking
 g - a scroll of teleportation
 i - a scroll of remove curse
 j - a scroll of fog {unknown}
Potions
 e - a potion of might
 l - a potion of flight {unknown}
 o - a potion of resistance {unknown}
Comestibles
 c - 2 rations
 h - 6 chunks of flesh


   Skills:
 - Level 4.1 Fighting
 + Level 6.2 Axes
 - Level 1.3 Armour
 - Level 1.3 Dodging


You had 5 spell levels left.
You didn't know any spells.
Your spell library was empty.

Dungeon Overview and Level Annotations

Branches:
Dungeon (4/15)
 Temple: D:4-7

Altars:


Innate Abilities, Weirdness & Mutations

You have hooves in place of feet.
Armour fits poorly on your strangely shaped body.
You cover ground very quickly.
You have extremely tough skin. (AC +3)
You are dopey. (Int -2)
You are frail. (-10% HP)
You are weak. (Str -2)
Your spells are a little harder to cast, but a little more powerful.


Message History

You slash the hound skeleton!
You destroy the hound skeleton!
Trog accepts your kill. The phantom hits you.
* * * LOW HITPOINT WARNING * * *
You closely miss the phantom. Your kick misses the phantom.
The phantom is heavily damaged.
You barely miss the phantom. Your kick misses the phantom.
The phantom is heavily damaged.
The phantom hits you!
* * * LOW HITPOINT WARNING * * *
You slash the phantom!
The phantom is severely damaged.
The phantom hits you but does no damage.
You barely miss the phantom.
The phantom is severely damaged.
You hit the phantom. Your kick misses the phantom.
The phantom is almost destroyed.
The phantom hits you.
You die...

#. . ##. #.. #.#
#.# #.# #@# ##W#
#..# #.## ##.#
##############..#
...............##
####.###########
. ........######


You could see a phantom.

Vanquished Creatures
  A howler monkey (D:4)
  4 hounds
  An orc priest (D:4)
  2 orc wizards (D:3)
  An iguana (D:4)
  2 worker ants (D:4)
  A hound skeleton (D:4)
  4 adders
  A worm (D:3)
  7 orcs
  A ball python (D:4)
  2 bats
  A giant cockroach (D:4)
  A hobgoblin (D:2)
  5 jackals
  A kobold (D:3)
  A quokka (D:3)
  A frilled lizard (D:4)
37 creatures vanquished.

Notes
Turn   | Place    | Note
-------+----------+-------------------------------------------
     0 | D:1      | Lavandula the Centaur Berserker began the quest for the Orb.
     0 | D:1      | Reached XP level 1. HP: 19/19 MP: 1/1
    56 | D:1      | Reached skill level 3 in Axes
   130 | D:2      | Reached XP level 2. HP: 26/26 MP: 2/2
   204 | D:3      | Reached skill level 4 in Axes
   204 | D:3      | Reached XP level 3. HP: 25/31 MP: 3/3
   208 | D:3      | Reached XP level 4. HP: 28/38 MP: 4/4
   213 | D:3      | Reached ** piety under Trog
   326 | D:4      | Reached XP level 5. HP: 39/46 MP: 5/5
   333 | D:4      | Reached skill level 5 in Axes
   346 | D:3      | HP: 1/46 [orc/short sword (5)]
   531 | D:4      | Reached XP level 6. HP: 27/52 MP: 6/6
   537 | D:4      | Reached skill level 6 in Axes
   560 | D:4      | Gained mutation: You are frail. (-10% HP) [potion of mutation]
   560 | D:4      | Gained mutation: You are dopey. (Int -2) [potion of mutation]
   560 | D:4      | Gained mutation: You are weak. (Str -2) [potion of mutation]
   560 | D:4      | Gained mutation: Your spells are a little harder to cast, but a little more powerful. [potion of mutation]
   632 | D:4      | HP: 3/69 [phantom (7)]
   635 | D:4      | Slain by a phantom

Skill      XL: |  1  2  3  4  5  6 |
---------------+-------------------+-----
Axes           | 3 4 5 6 |  6.2
Fighting       | 4 |  4.1
Armour         | |  1.3
Dodging        | |  1.3

Action                   |  1- 3 |  4- 6 || total
-------------------------+-------+-------++-------
Melee: Hand axe          |    24 |    66 ||    90
       Kick              |     4 |    12 ||    16
Invok: Berserk           |     2 |     3 ||     5
       Trog's Hand       |       |     1 ||     1
  Use: Scroll            |       |     4 ||     4
       Potion            |       |     3 ||     3
  Eat: Chunk             |       |     3 ||     3
Armor: Animal skin       |     9 |     5 ||    14
       Ring mail         |       |    22 ||    22
Dodge: Dodged            |    17 |    34 ||    51
